[Event "Titled Tuesday Blitz March 01 Early 2022"]
[White "Buscar, Michael"]
[Black "Funderburg, John T"]
[WhiteFideId "2603616"]
[BlackFideId "2004992"]
[WhiteElo "2010"]
[BlackElo "2013"]
[Result "1-0"]
[Round "02"]
[TimeControl "180+1"]
[Date "2022.03.01"]
[WhiteClock "0:00:06"]
[BlackClock "0:00:01"]

1. c4 e5 2. Nf3 Nc6 3. Nc3 Nf6 4. d3 d5 5. cxd5 Nxd5 6. g3 Be7 7. Bg2 Be6 8. O-O O-O 9. Be3 f6 10. Nd2 Nxe3 11. fxe3 Bc5 12. Rf3 Kh8 13. Nf1 Qd7 14. Qa4 a6 15. Rc1 b5 16. Qh4 Bb6 17. Ne4 Ne7 18. Nxf6 gxf6 19. Rxf6 Nf5 20. Rxf5 Bxf5 21. Bxa8 Rxa8 22. Qf6+ Kg8 23. Qxe5 Re8 24. Qf4 Bh3 25. Qg5+ Kh8 26. d4 Rf8 27. Qe5+ Kg8 28. Nd2 Qf7 29. Nf3 c5 30. dxc5 Bc7 31. Qg5+ Kh8 32. c6 Rg8 33. Qh4 Bg4 34. Rc5 Bd8 35. Qh6 Rg6 36. Qf4 Rf6 37. Qxg4 Bb6 38. Rg5 Bxe3+ 39. Kg2 Bxg5 40. Qxg5 Re6 41. Qd8+ 1-0


[Site "https://www.chess.com"]

[Event "Titled Tuesday Blitz March 01 Early 2022"]
[White "Carlsson, Ludvig"]
[Black "Lou, Yiping"]
[WhiteFideId "1727010"]
[BlackFideId "8603928"]
[WhiteElo "2178"]
[BlackElo "2412"]
[Result "0-1"]
[Round "02"]
[TimeControl "180+1"]
[Date "2022.03.01"]
[WhiteClock "0:00:03"]
[BlackClock "0:01:16"]

1. e4 e5 2. Nf3 Nc6 3. Bb5 a6 4. Ba4 Nf6 5. O-O b5 6. Bb3 Bc5 7. c3 d6 8. a4 Rb8 9. d4 Bb6 10. a5 Ba7 11. Be3 O-O 12. Nbd2 Ra8 13. Re1 h6 14. h3 Re8 15. Bc2 Bb7 16. Bb1 Nb8 17. dxe5 dxe5 18. Bxa7 Rxa7 19. b4 c5 20. Nb3 Qxd1 21. Rxd1 cxb4 22. cxb4 Bxe4 23. Bxe4 Nxe4 24. Nxe5 Nc3 25. Rd3 Ne2+ 26. Kf1 Rxe5 27. Rd8+ Kh7 28. Rxb8 Rae7 29. Nc5 Nd4 30. g3 Nc6 31. Rb6 Nxb4 32. Nxa6 Nd3 33. Rd6 Nb2 34. Nb4 Nc4 0-1


[Site "https://www.chess.com"]

[Event "Titled Tuesday Blitz March 01 Early 2022"]
[White "Carre, Sylvain"]
[Black "De Souza, Cristiano Gomes"]
[WhiteFideId "642118"]
[BlackFideId "2151758"]
[WhiteElo "2105"]
[BlackElo "2068"]
[Result "0-1"]
[Round "02"]
[TimeControl "180+1"]
[Date "2022.03.01"]
[WhiteClock "0:00:18"]
[BlackClock "0:01:03"]

1. d4 Nf6 2. Bf4 d6 3. e3 g6 4. Nf3 Bg7 5. Be2 Nh5 6. Bg5 h6 7. Bh4 g5 8. Nfd2 Nf6 9. Bg3 h5 10. h4 g4 11. c4 Nbd7 12. Nc3 e5 13. Qc2 a6 14. O-O-O Qe7 15. Rhe1 Nf8 16. dxe5 dxe5 17. Nde4 Nxe4 18. Nxe4 Ng6 19. Ng5 Bf6 20. f4 gxf3 21. Nxf3 Nxh4 22. Bxh4 Bxh4 23. Rh1 Bf6 24. Nd2 h4 25. Ne4 Bd7 26. Rdf1 Bg7 27. Bf3 O-O-O 28. Nc3 c6 29. Na4 Be6 30. Nb6+ Kc7 31. c5 Bh6 32. Kb1 Bxe3 33. Be4 Bxc5 34. Na4 Bd4 35. Qd2 Kb8 36. Qa5 Qc7 37. Qb4 c5 38. Qd2 b5 39. Nc3 Bxc3 40. Qxc3 Rd4 41. Bf3 Rhd8 42. Rc1 c4 43. Qe3 Bd5 44. Rhe1 Bxf3 45. gxf3 f6 46. Qh6 R8d6 47. Qf8+ Ka7 48. Qe8 Rd2 49. Rc2 Rxc2 50. Kxc2 Qd7 51. Qxd7+ Rxd7 52. Rh1 Rh7 53. Kd2 Kb6 54. Ke3 Kc5 55. Ke4 b4 56. Kf5 c3 57. bxc3 bxc3 58. Kxf6 Kc4 59. Kxe5 c2 60. f4 Kc3 61. f5 Kb2 62. f6 c1=Q 63. Rxc1 Kxc1 0-1


[Site "https://www.chess.com"]

[Event "Titled Tuesday Blitz March 01 Early 2022"]
[White "Caruana, Fabiano"]
[Black "Al-Tarboush, Ward"]
[WhiteFideId "2020009"]
[BlackFideId "7601450"]
[WhiteElo "2744"]
[BlackElo "2276"]
[Result "1-0"]
[Round "02"]
[TimeControl "180+1"]
[Date "2022.03.01"]
[WhiteClock "0:02:10"]
[BlackClock "0:01:47"]

1. d4 b6 2. e4 Bb7 3. Bd3 Nf6 4. Qe2 e6 5. Nf3 d5 6. e5 Ne4 7. Nbd2 Nxd2 8. Bxd2 c5 9. c3 Qc8 10. O-O Ba6 11. Ne1 Bxd3 12. Nxd3 c4 13. Nf4 Nc6 14. Nh5 Qd7 15. Qg4 O-O-O 16. f4 g6 17. Nf6 Qb7 18. Be1 Be7 19. Bh4 h5 20. Qe2 Rdf8 21. b3 Na5 22. b4 Nc6 23. a4 Bxf6 24. Bxf6 Rhg8 25. a5 b5 26. a6 Qb6 27. h3 Nb8 28. Be7 Re8 29. Bc5 Qc7 30. Ra5 Qd7 31. Rfa1 Nc6 32. Rxb5 Nxd4 33. Bxd4 Qxb5 34. Bxa7 Qd7 35. Bd4 Kb8 36. Qb2 Ka8 37. b5 1-0


[Site "https://www.chess.com"]

[Event "Titled Tuesday Blitz March 01 Early 2022"]
[White "Coto Mederos, Michel"]
[Black "Kohler, Aran"]
[WhiteFideId "3508528"]
[BlackFideId "1002856"]
[WhiteElo "2427"]
[BlackElo "2253"]
[Result "1-0"]
[Round "02"]
[TimeControl "180+1"]
[Date "2022.03.01"]
[WhiteClock "0:00:35"]
[BlackClock "0:00:06"]

1. d4 d5 2. c4 c6 3. Nf3 Nf6 4. Nc3 e6 5. cxd5 exd5 6. Bg5 Be7 7. e3 h6 8. Bh4 O-O 9. Bd3 Ne4 10. Bxe7 Qxe7 11. Qc2 f5 12. Ne5 Qe8 13. f3 Nd6 14. O-O Nd7 15. f4 Ne4 16. Nxe4 fxe4 17. Be2 Nxe5 18. fxe5 Rxf1+ 19. Rxf1 Qe7 20. Qc3 Be6 21. b4 Rf8 22. b5 Rxf1+ 23. Bxf1 cxb5 24. Bxb5 a6 25. Be2 Kh7 26. Bd1 Qd7 27. Qc5 Qb5 28. Qxb5 axb5 29. a3 Bd7 30. Kf2 Kg6 31. Ke1 Kf7 32. Kd2 g6 33. Kc3 Bc6 34. Kb4 h5 35. Be2 Bd7 36. Kc5 Be6 37. Kb6 Bg4 38. Bxg4 hxg4 39. Kxb5 g3 40. hxg3 Ke6 41. Kb6 Kf5 42. Kxb7 Kg4 43. e6 Kxg3 44. e7 Kxg2 45. e8=Q g5 46. Qg6 Kh1 47. Qxg5 Kh2 48. Qg4 Kh1 49. Kc6 Kh2 50. Kd6 Kh1 51. Ke5 Kh2 52. Kf4 Kh1 53. Kg3 Kg1 54. Qd1# 1-0


[Site "https://www.chess.com"]

[Event "Titled Tuesday Blitz March 01 Early 2022"]
[White "Cruz Ravina, Francisco Javier"]
[Black "Samant Aditya S"]
[WhiteFideId "2228939"]
[BlackFideId "35080580"]
[WhiteElo "2457"]
[BlackElo "1916"]
[Result "1-0"]
[Round "02"]
[TimeControl "180+1"]
[Date "2022.03.01"]
[WhiteClock "0:00:20"]
[BlackClock "0:00:07"]

1. Nf3 Nf6 2. g3 d5 3. Bg2 Bg4 4. O-O Bxf3 5. Bxf3 c6 6. d3 Nbd7 7. e4 e5 8. exd5 cxd5 9. Nc3 d4 10. Nd5 Rb8 11. Re1 Bd6 12. Bg2 Nxd5 13. Bxd5 O-O 14. Bb3 Nc5 15. Qg4 Kh8 16. f4 f5 17. Qd1 exf4 18. Bxf4 Bxf4 19. gxf4 a5 20. Qf3 a4 21. Bd5 Qb6 22. b3 Rbe8 23. Qf2 axb3 24. axb3 Qb4 25. Kf1 h6 26. Rxe8 Rxe8 27. Re1 Rd8 28. Bf3 Kh7 29. Re5 Qc3 30. Rxf5 Nxd3 31. cxd3 Qxd3+ 32. Qe2 Qb1+ 33. Kg2 d3 34. Qe4 Qb2+ 35. Kg3 Kh8 36. Rd5 Rf8 37. Qxd3 Qc1 38. Qd4 Qe1+ 39. Kg2 Qe7 40. Rd7 Qh4 41. Qxg7# 1-0


[Site "https://www.chess.com"]

[Event "Titled Tuesday Blitz March 01 Early 2022"]
[White "Cruz, William Ferreira Da"]
[Black "Costachi, Mihnea"]
[WhiteFideId "2118050"]
[BlackFideId "1217518"]
[WhiteElo "2223"]
[BlackElo "2464"]
[Result "1/2-1/2"]
[Round "02"]
[TimeControl "180+1"]
[Date "2022.03.01"]
[WhiteClock "0:00:21"]
[BlackClock "0:00:22"]

1. d4 Nf6 2. c4 e6 3. Nc3 a6 4. e4 d5 5. e5 Ne4 6. cxd5 Nxc3 7. bxc3 exd5 8. Bd3 c5 9. Ne2 cxd4 10. cxd4 Bb4+ 11. Bd2 Qa5 12. Bxb4 Qxb4+ 13. Qd2 Nc6 14. Rb1 Qxd2+ 15. Kxd2 b5 16. Rhc1 Bb7 17. Rc5 O-O 18. Rxd5 Nb4 19. Rd6 Nxd3 20. Kxd3 Bxg2 21. Nf4 Bf3 22. Ke3 Bg4 23. Rg1 Bf5 24. Nd5 Be6 25. Nc7 Rac8 26. Nxe6 fxe6 27. Rxe6 Rc3+ 28. Ke4 Rxf2 29. Re7 g6 30. Kd5 Rc4 31. Rg4 Rf8 32. e6 Rf5+ 33. Ke4 Rf2 34. Ra7 Kf8 35. Kd5 Ke8 36. Kd6 Rc8 37. Rxh7 Rd8+ 38. Ke5 Rf5+ 39. Ke4 Rfd5 40. Rh8+ Ke7 41. Rxd8 Rxd8 42. Rxg6 Rh8 43. d5 Kd6 44. e7+ Kxe7 45. Rxa6 Rxh2 46. Kd4 Rc2 47. Ke5 Re2+ 48. Kd4 Rc2 49. Ra5 Kd6 50. Ra6+ Kd7 51. Kd3 Rc4 52. Rb6 Rb4 53. Kc3 Rc4+ 54. Kb3 Rc5 55. d6 Rd5 56. Kb4 Rxd6 57. Kxb5 Rd5+ 58. Ka6 Rd4 59. Rb2 Kc6 60. Rc2+ Kd7 61. Kb6 Rb4+ 62. Kc5 Rb8 63. Rh2 Rc8+ 64. Kb6 Rb8+ 65. Ka7 Rb4 66. Ka6 Kc6 67. Ka5 Rg4 68. Rh6+ Kc5 69. Rh5+ Kc6 70. Rh6+ Kb7 71. Rh7+ Kc6 72. Rh6+ 1/2-1/2


[Site "https://www.chess.com"]

[Event "Titled Tuesday Blitz March 01 Early 2022"]
[White "Csonka, Balazs"]
[Black "Van Foreest, Jorden"]
[WhiteFideId "742910"]
[BlackFideId "1039784"]
[WhiteElo "2657"]
[BlackElo "3001"]
[Result "0-1"]
[Round "02"]
[TimeControl "180+1"]
[Date "2022.03.01"]
[WhiteClock "0:00:03"]
[BlackClock "0:00:11"]

1. e4 c6 2. d4 d5 3. Nc3 dxe4 4. Nxe4 Nf6 5. Nxf6+ exf6 6. c3 Bd6 7. Bd3 O-O 8. Ne2 c5 9. O-O Nc6 10. Be3 cxd4 11. Nxd4 Ne5 12. Be2 a6 13. h3 Qc7 14. Nf3 Ng6 15. Qc2 Bf4 16. Bd4 Bd7 17. Rfe1 Bc6 18. Qf5 Rad8 19. Rad1 Rd5 20. Qc2 Rdd8 21. a4 Rfe8 22. b4 Bd6 23. b5 Be4 24. Qb2 Nf4 25. Be3 Nxe2+ 26. Qxe2 axb5 27. Qxb5 Bc6 28. Qb6 Bxa4 29. Rb1 Bc6 30. Nd4 Be4 31. Qxc7 Bxc7 32. Rb3 f5 33. g3 Bd5 34. Rbb1 Be4 35. Rb5 g6 36. Ra1 Ra8 37. Rxa8 Rxa8 38. f3 Ra1+ 39. Kg2 Ra2+ 40. Kg1 Bd3 41. Rxb7 Bxg3 42. Bh6 Ra8 43. Rd7 Bc4 44. Nc6 Be6 45. Ne7+ Kh8 46. Rb7 Be5 47. f4 Bxc3 48. Nc6 Bd5 49. Rc7 Bxc6 50. Rxc6 Bg7 51. Bg5 h6 52. Bh4 Kh7 53. Rc7 Kg8 54. Kg2 Re8 55. Bg3 Re4 56. Rb7 Re6 57. Kf3 Rc6 58. Rb8+ Kh7 59. Rb7 Rc3+ 60. Kg2 Kg8 61. Rb8+ Kh7 62. Rb7 f6 63. Bf2 Rc4 64. Kf3 g5 65. Be3 Kg6 66. Ke2 h5 67. Kf3 g4+ 68. Ke2 Bh6 0-1


[Site "https://www.chess.com"]

[Event "Titled Tuesday Blitz March 01 Early 2022"]
[White "Dauner, Benedikt"]
[Black "Van den Dikkenberg, Erik"]
[WhiteFideId "16225899"]
[BlackFideId "1005880"]
[WhiteElo "2230"]
[BlackElo "2118"]
[Result "1-0"]
[Round "02"]
[TimeControl "180+1"]
[Date "2022.03.01"]
[WhiteClock "0:00:02"]
[BlackClock "0:00:01"]

1. d4 Nf6 2. Nf3 g6 3. Nc3 Bg7 4. e4 d6 5. Be2 O-O 6. O-O Bg4 7. Re1 Nfd7 8. Be3 Bxf3 9. Bxf3 Nc6 10. d5 Nce5 11. Be2 Nb6 12. Bd4 c5 13. dxc6 bxc6 14. f4 Ned7 15. Bxg7 Kxg7 16. Bf3 e5 17. Qxd6 Nc4 18. Qb4 Qb6+ 19. Qxb6 axb6 20. b3 Na3 21. Rac1 exf4 22. e5 Rac8 23. e6 fxe6 24. Rxe6 Nc5 25. Rxc6 Rxc6 26. Bxc6 Rd8 27. Ne4 Rd4 28. Nxc5 bxc5 29. Bf3 Rd2 30. Be4 Kf6 31. Kf1 Ke5 32. Bd3 Kd4 33. Re1 Nxc2 34. Bxc2 Rxc2 35. Re2 Rc1+ 36. Kf2 Rc3 37. Rd2+ Ke4 38. Re2+ Kd4 39. Rb2 g5 40. h3 h5 41. a4 Rc1 42. Ra2 c4 43. bxc4 Rxc4 44. a5 Rc7 45. a6 Ra7 46. Ra4+ Ke5 47. Ra5+ Kf6 48. Kf3 Kg6 49. Ke4 Kf6 50. Kd5 g4 51. hxg4 hxg4 52. Ke4 f3 53. g3 Ke6 54. Kf4 f2 55. Ra1 f1=Q+ 56. Rxf1 Rxa6 57. Kxg4 Ra4+ 58. Kg5 Ra5+ 59. Kg6 Ra3 60. g4 Re3 61. g5 Ke7 62. Kg7 Re5 63. g6 Ke8 64. Rf7 Rg5 65. Rf3 Re5 66. Kh7 Re4 67. Kg8 Re7 68. g7 Re6 69. Rh3 Re7 70. Kh8 1-0


[Site "https://www.chess.com"]

[Event "Titled Tuesday Blitz March 01 Early 2022"]
[White "De Silva, L M S T"]
[Black "Muradli, Mahammad"]
[WhiteFideId "9953698"]
[BlackFideId "13409301"]
[WhiteElo "1631"]
[BlackElo "2645"]
[Result "0-1"]
[Round "02"]
[TimeControl "180+1"]
[Date "2022.03.01"]
[WhiteClock "0:00:15"]
[BlackClock "0:00:10"]

1. Nf3 b6 2. c4 Bb7 3. Nc3 g6 4. b3 Bg7 5. Bb2 d6 6. g3 Nd7 7. Bg2 e6 8. d4 Ne7 9. O-O O-O 10. Qc2 a5 11. a4 Re8 12. Rad1 Nc6 13. Qb1 e5 14. dxe5 Ndxe5 15. Nxe5 Bxe5 16. Nd5 Rb8 17. f4 Bg7 18. Qa1 Bxb2 19. Qxb2 Re6 20. e4 Nb4 21. Nxb4 axb4 22. f5 Re5 23. fxg6 hxg6 24. Rf4 Qe7 25. Rdf1 Rf8 26. Qe2 Kg7 27. Qg4 Bc8 28. Qf3 Be6 29. h4 Rh8 30. Rf2 g5 31. Rf6 Rh6 32. hxg5 Rxg5 33. Qf4 Qxf6 0-1


[Site "https://www.chess.com"]

[Event "Titled Tuesday Blitz March 01 Early 2022"]
[White "De Souza Sa, Apolo"]
[Black "Omariev, Maksim"]
[WhiteFideId "324225390"]
[BlackFideId "4193423"]
[WhiteElo "1828"]
[BlackElo "2473"]
[Result "1-0"]
[Round "02"]
[TimeControl "180+1"]
[Date "2022.03.01"]
[WhiteClock "0:00:18"]
[BlackClock "0:00:01"]

1. d4 f5 2. g3 Nf6 3. Bg2 d5 4. Nf3 c6 5. c4 e6 6. b3 Bd6 7. O-O O-O 8. Ba3 Bxa3 9. Nxa3 Bd7 10. Qd3 Ne4 11. Ne5 Be8 12. f3 Nd6 13. e4 Nd7 14. exd5 exd5 15. cxd5 cxd5 16. Nxd7 Qxd7 17. Rad1 f4 18. Rfe1 Bg6 19. Qd2 Rac8 20. g4 h5 21. Re5 Nf7 22. Re2 hxg4 23. Qxf4 gxf3 24. Bxf3 Nh6 25. Qg3 Rf6 26. Re5 Rcf8 27. Bxd5+ Kh7 28. Rde1 Bf5 29. Re7 Qxe7 30. Rxe7 Rg6 31. Qxg6+ Bxg6 32. Bxb7 Nf5 33. Re4 Nd6 34. Rh4+ Kg8 35. Bd5+ Bf7 36. Bxf7+ Rxf7 37. Nc4 Nf5 38. Rf4 g5 39. Rf1 Nxd4 40. Rxf7 Kxf7 41. Kf2 Ke6 42. Kg3 Nb5 43. Kg4 Kf6 44. a4 Nd4 45. b4 Nc6 46. b5 Nb4 47. b6 axb6 48. Nxb6 Nc6 49. Nc4 Kg6 50. a5 Nb4 51. Ne5+ Kf6 52. Nf3 Ke6 53. Nxg5+ Kd5 54. h4 Nc6 55. h5 Nxa5 56. h6 Nc4 57. h7 Ne5+ 58. Kf5 Nf7 59. Nxf7 1-0


[Site "https://www.chess.com"]

[Event "Titled Tuesday Blitz March 01 Early 2022"]
[White "Devaev, Alexander"]
[Black "Yushko, Olga"]
[WhiteFideId "4169395"]
[BlackFideId "14114500"]
[WhiteElo "2185"]
[BlackElo "2028"]
[Result "1-0"]
[Round "02"]
[TimeControl "180+1"]
[Date "2022.03.01"]
[WhiteClock "0:00:12"]
[BlackClock "0:00:12"]

1. d4 e6 2. c4 f5 3. g3 Nf6 4. Bg2 Be7 5. Nd2 d6 6. b3 O-O 7. Bb2 Qe8 8. Nh3 Nc6 9. O-O Kh8 10. d5 Nd8 11. dxe6 Nxe6 12. Qc2 Qh5 13. Nf3 f4 14. Rad1 g5 15. Rd5 h6 16. Nd2 c6 17. Rf5 Nc5 18. Nxf4 Qf7 19. Rxf6 Bxf6 20. Ng6+ Kg7 21. Nxf8 Qxf8 22. Ne4 Nxe4 23. Bxe4 Bh3 24. Rd1 Re8 25. f3 Rd8 26. g4 h5 27. gxh5 Be6 28. Bc1 d5 29. cxd5 cxd5 30. Bg6 Rc8 31. Qd3 Qc5+ 32. Be3 Qc2 33. Qxc2 Rxc2 34. Bxc2 g4 35. fxg4 Bxg4 36. h6+ Kh8 37. Bd3 d4 38. Bf4 Be6 39. Rc1 b6 40. Rc7 a5 41. Ra7 Bd5 42. Ra6 Bd8 43. Ra7 Kg8 44. Rd7 Bf6 45. Rxd5 Kf7 46. Rd7+ Ke6 47. Rc7 b5 48. Rc6+ Ke7 49. Rxf6 Kxf6 50. Be5+ 1-0


[Site "https://www.chess.com"]

[Event "Titled Tuesday Blitz March 01 Early 2022"]
[White "Dobre, Claudiu-Cristian"]
[Black "Karavaeva, Olga"]
[WhiteFideId "1211854"]
[BlackFideId "4124111"]
[WhiteElo "2207"]
[BlackElo "2105"]
[Result "1-0"]
[Round "02"]
[TimeControl "180+1"]
[Date "2022.03.01"]
[WhiteClock "0:00:25"]
[BlackClock "0:00:18"]

1. c4 e6 2. Nf3 d5 3. b3 c6 4. Bb2 Nf6 5. e3 Nbd7 6. Nc3 Bd6 7. Qc2 O-O 8. cxd5 exd5 9. Nd4 Nc5 10. Nf5 Nce4 11. Nxd6 Qxd6 12. f3 Nxc3 13. Qxc3 Re8 14. Kf2 Bd7 15. Bd3 a5 16. g4 a4 17. Rac1 axb3 18. axb3 Ra2 19. Bb1 Raa8 20. h4 Re7 21. h5 h6 22. Rcg1 Ne8 23. g5 hxg5 24. h6 f6 25. Qc2 f5 26. Rxg5 g6 27. Rxg6+ Qxg6 28. Rg1 Qxg1+ 29. Kxg1 Kh7 30. Qc3 Kxh6 31. Qh8+ Kg6 32. Qh4 Rh7 33. Qg4+ Kf7 34. Bxf5 Nf6 35. Qg6+ 1-0


[Site "https://www.chess.com"]

[Event "Titled Tuesday Blitz March 01 Early 2022"]
[White "Dounis, Alexandros"]
[Black "Zaksaite, Salomeja"]
[WhiteFideId "4213238"]
[BlackFideId "12801496"]
[WhiteElo "2195"]
[BlackElo "2002"]
[Result "1-0"]
[Round "02"]
[TimeControl "180+1"]
[Date "2022.03.01"]
[WhiteClock "0:00:42"]
[BlackClock "0:00:02"]

1. Nf3 Nf6 2. g3 g6 3. Bg2 Bg7 4. O-O d5 5. d4 O-O 6. c4 dxc4 7. Na3 Nc6 8. Nxc4 Be6 9. Nce5 Bd5 10. Bf4 a5 11. a3 a4 12. Rc1 Ra6 13. Qc2 Ne8 14. e4 Bb3 15. Qd2 Nxe5 16. Bxe5 Bxe5 17. dxe5 Ng7 18. Nd4 Ne6 19. Nxb3 axb3 20. Rfd1 Qa8 21. Qb4 c5 22. Qxb3 Nd4 23. Qe3 b6 24. Rxd4 cxd4 25. Qxd4 Rd8 26. Qc4 Ra5 27. e6 Rc5 28. exf7+ Kg7 29. Qf1 Rxc1 30. Qxc1 Qc8 31. Qf4 Rd1+ 32. Bf1 Kf8 33. Kg2 Qc1 34. Qb8+ Kxf7 35. Bb5 Qc5 36. Qe8+ Kg7 37. b4 Qd6 38. Bc4 Rd2 39. Qf7+ Kh6 40. h4 1-0


[Site "https://www.chess.com"]

[Event "Titled Tuesday Blitz March 01 Early 2022"]
[White "Dubov, Daniil"]
[Black "Gutenev, Alexander"]
[WhiteFideId "24126055"]
[BlackFideId "4195540"]
[WhiteElo "3013"]
[BlackElo "2658"]
[Result "1-0"]
[Round "02"]
[TimeControl "180+1"]
[Date "2022.03.01"]
[WhiteClock "0:01:17"]
[BlackClock "0:01:17"]

1. d4 Nf6 2. Nf3 g6 3. c4 Bg7 4. Nc3 d5 5. cxd5 Nxd5 6. e4 Nxc3 7. bxc3 c5 8. Bb5+ Bd7 9. Rb1 O-O 10. O-O Bg4 11. Be3 Bxf3 12. Qxf3 cxd4 13. cxd4 Bxd4 14. Rfd1 e5 15. Bh6 Nc6 16. Bxc6 bxc6 17. Rb7 Bxf2+ 18. Kf1 Bd4 19. g3 Qc8 20. Kg2 Qe6 21. Rf1 Rab8 22. Qxf7+ Qxf7 23. Rfxf7 1-0


[Site "https://www.chess.com"]

[Event "Titled Tuesday Blitz March 01 Early 2022"]
[White "Dziththauly, Ramadhan"]
[Black "Ponkratov, Pavel"]
[WhiteFideId "7105525"]
[BlackFideId "4157800"]
[WhiteElo "2613"]
[BlackElo "2487"]
[Result "0-1"]
[Round "02"]
[TimeControl "180+1"]
[Date "2022.03.01"]
[WhiteClock "0:00:02"]
[BlackClock "0:00:33"]

1. d4 Nf6 2. c4 c5 3. d5 e5 4. Nc3 d6 5. e4 h5 6. f3 h4 7. Be3 g6 8. Qd2 a6 9. a4 Nh5 10. Nge2 b6 11. O-O-O Ra7 12. Kb1 f5 13. Nc1 Rf7 14. Be2 Nd7 15. Nd3 Ndf6 16. Bg5 Be7 17. Be3 Bd7 18. b4 O-O 19. b5 axb5 20. cxb5 h3 21. g3 fxe4 22. fxe4 Ng4 23. Bxg4 Bxg4 24. Rde1 Bf3 25. Rhf1 Bg2 26. Rxf7 Rxf7 27. Nb2 Nf6 28. Bg1 Ng4 29. Nc4 Bg5 30. Qc2 Bf1 31. Nd2 Bxd2 32. Qxd2 Kg7 33. Nd1 Qa8 34. Qc2 c4 35. Kc1 Bd3 36. Qa2 Qa5 37. Re3 Rf1 38. Rxd3 cxd3 39. Qc4 Kh6 40. Qxd3 Rxg1 41. Qf3 Qxa4 42. Qxg4 Qc4+ 43. Kd2 Qd4+ 44. Kc2 Rg2+ 45. Kb3 Qd3+ 46. Kb4 Qb1+ 47. Kc4 Qa2+ 48. Kd3 Qc2+ 49. Ke3 Qd2+ 50. Kf3 Qe2# 0-1


[Site "https://www.chess.com"]

[Event "Titled Tuesday Blitz March 01 Early 2022"]
[White "Estrada Nieto, Julian"]
[Black "Xie, Bryan"]
[WhiteFideId "5101018"]
[BlackFideId "30941296"]
[WhiteElo "2246"]
[BlackElo "1899"]
[Result "1-0"]
[Round "02"]
[TimeControl "180+1"]
[Date "2022.03.01"]
[WhiteClock "0:00:41"]
[BlackClock "0:00:01"]

1. e4 c5 2. Nf3 e6 3. c3 Nf6 4. e5 Nd5 5. Bc4 d6 6. d4 cxd4 7. cxd4 Be7 8. O-O O-O 9. Qe2 b6 10. Bxd5 exd5 11. Re1 Na6 12. Nc3 Nc7 13. Bf4 Ba6 14. Qe3 Rc8 15. h3 Bb7 16. Rad1 Ne6 17. exd6 Bxd6 18. Bxd6 Qxd6 19. Qe5 Qxe5 20. dxe5 Rfd8 21. Nd4 Rc4 22. Nce2 Rdc8 23. b3 R4c5 24. Rd2 Ba6 25. Nxe6 fxe6 26. Nd4 Kf7 27. f4 g6 28. Kf2 Rc3 29. Re3 Rxe3 30. Kxe3 Rc1 31. Rc2 Rxc2 32. Nxc2 Ke7 33. Kd4 Kd7 34. Ne3 Kc6 35. g4 Kd7 36. f5 gxf5 37. gxf5 exf5 38. Nxf5 Ke6 39. Ng7+ Kf7 40. Nh5 Bb7 41. Nf4 Ke7 42. Nxd5+ Ke6 43. Ne3 h5 44. h4 Bc6 45. a4 Bb7 46. Nc4 1-0


[Site "https://www.chess.com"]

[Event "Titled Tuesday Blitz March 01 Early 2022"]
[White "Eynullayev, Altay"]
[Black "Lakshmi C"]
[WhiteFideId "13413562"]
[BlackFideId "25035347"]
[WhiteElo "2079"]
[BlackElo "1775"]
[Result "0-1"]
[Round "02"]
[TimeControl "180+1"]
[Date "2022.03.01"]
[WhiteClock "0:00:07"]
[BlackClock "0:00:17"]

1. e4 c5 2. Nf3 Nc6 3. Bb5 g6 4. Bxc6 bxc6 5. O-O Bg7 6. Re1 e5 7. h3 Qe7 8. c3 d6 9. d4 cxd4 10. cxd4 Nh6 11. Nc3 O-O 12. Be3 f6 13. Rc1 Nf7 14. b4 Bb7 15. d5 Rfc8 16. dxc6 Bxc6 17. Nd5 Qb7 18. a3 Nd8 19. Qb3 Kh8 20. a4 f5 21. Nc3 fxe4 22. Ng5 d5 23. Bc5 Bh6 24. h4 Nf7 25. Nxf7+ Qxf7 26. Nxe4 Bxc1 27. Nd6 Qf4 28. Nxc8 Rxc8 29. Qc2 Qd2 30. Qxc1 Qxc1 31. Rxc1 Bxa4 32. Re1 e4 33. Bd4+ Kg8 34. Ra1 Rc4 35. Bc5 Bc2 36. Rxa7 d4 37. Kf1 d3 38. Ke1 Bb3 39. Rd7 Rc2 40. Rd4 Re2+ 41. Kf1 Ba4 42. g3 Bb5 43. Kg2 d2 44. Rd7 Bxd7 0-1


[Site "https://www.chess.com"]

[Event "Titled Tuesday Blitz March 01 Early 2022"]
[White "FGHSMN"]
[Black "Wahedi, Ahmad Siar"]
[BlackFideId "4651260"]
[WhiteElo "2684"]
[BlackElo "2362"]
[Result "1-0"]
[Round "02"]
[TimeControl "180+1"]
[Date "2022.03.01"]
[WhiteClock "0:01:52"]
[BlackClock "0:01:21"]

1. d4 Nf6 2. Nf3 g6 3. Nc3 d5 4. Bf4 Bg7 5. Nb5 Na6 6. e3 O-O 7. h3 c6 8. Nc3 c5 9. Bxa6 bxa6 10. dxc5 Qa5 11. Be5 Qxc5 12. O-O Rd8 13. Bxf6 Bxf6 14. Ne4 Qb6 15. Nxf6+ Qxf6 16. Qd4 Qxd4 17. exd4 a5 18. Ne5 e6 19. Nc6 Rd6 20. Nxa5 Rb8 21. Nb3 a5 22. a4 Rc6 23. Rfc1 Rc4 24. Nxa5 Rxb2 25. Nxc4 dxc4 26. Rcb1 1-0


[Site "https://www.chess.com"]

[Event "Titled Tuesday Blitz March 01 Early 2022"]
[White "Freitag, Manfred"]
[Black "Makhnev, Denis"]
[WhiteFideId "1602004"]
[BlackFideId "13707647"]
[WhiteElo "2633"]
[BlackElo "2946"]
[Result "0-1"]
[Round "02"]
[TimeControl "180+1"]
[Date "2022.03.01"]
[WhiteClock "0:00:18"]
[BlackClock "0:00:06"]

1. e4 c6 2. d4 d5 3. e5 Bf5 4. h4 h5 5. Bd3 Bxd3 6. Qxd3 Qa5+ 7. Nd2 e6 8. Nf3 Nh6 9. O-O Nf5 10. c4 Be7 11. g3 O-O 12. b3 Rd8 13. Bb2 Qa6 14. Qc2 Nd7 15. cxd5 cxd5 16. Rfc1 Nb6 17. a4 Rac8 18. Qd1 Qd3 19. a5 Nd7 20. Rxc8 Rxc8 21. Rc1 Rc6 22. Rxc6 bxc6 23. Qc1 c5 24. Qc3 Qb5 25. Ba3 cxd4 26. Qc8+ Bf8 27. a6 Nc5 28. Bxc5 Qxc5 29. Qb7 Be7 30. b4 Qxb4 31. Qxa7 Bc5 32. Qa8+ Kh7 33. Ng5+ Kg6 34. Ndf3 d3 35. Qe8 Nh6 36. Nxe6 d2 37. Nxd2 Bxf2+ 38. Kg2 Qxd2 39. Nf4+ Kh7 40. Qb5 Be3+ 41. Qe2 Qd4 42. Qd3+ Qxd3 43. Nxd3 Kg6 44. Kf3 Bb6 45. Nb4 Nf5 46. Nxd5 Ba7 47. Nb4 f6 48. Nc6 Nd4+ 49. Nxd4 Bxd4 50. exf6 gxf6 51. Ke4 Ba7 52. Kf4 Bb8+ 53. Kf3 Kf5 54. Kf2 Kg4 55. Kg2 Ba7 56. Kh2 Kf3 57. Kh3 f5 58. Kh2 Kf2 59. Kh3 Kg1 60. g4 fxg4+ 61. Kg3 Bb8# 0-1


[Site "https://www.chess.com"]

[Event "Titled Tuesday Blitz March 01 Early 2022"]
[White "Fus, Jakub"]
[Black "Escudero Donoso, Felipe"]
[WhiteFideId "1193023"]
[BlackFideId "3410595"]
[WhiteElo "2111"]
[BlackElo "2184"]
[Result "1-0"]
[Round "02"]
[TimeControl "180+1"]
[Date "2022.03.01"]
[WhiteClock "0:01:57"]
[BlackClock "0:00:34"]

1. e4 c5 2. Nf3 e6 3. d4 cxd4 4. Nxd4 a6 5. g3 Nf6 6. Bg2 Qc7 7. O-O Be7 8. b3 d6 9. c4 O-O 10. Bb2 Nbd7 11. Nc3 Rb8 12. Qe2 b6 13. Kh1 Bb7 14. f4 Rbc8 15. Rae1 Rfe8 16. g4 e5 17. Nf5 exf4 18. g5 Ne5 19. gxf6 Bxf6 20. Rxf4 Ng6 21. Rff1 b5 22. Nd5 Bxd5 23. Bxf6 gxf6 24. cxd5 Qc3 25. Nxd6 Qe5 26. Nxe8 Rxe8 27. Qf2 Kh8 28. Qxf6+ Qxf6 29. Rxf6 Ne5 30. Rxa6 Nd3 31. Re3 Nf2+ 32. Kg1 Ng4 33. Re2 Rc8 34. Rc6 Ra8 35. e5 Kg7 36. h3 Nh6 37. e6 fxe6 38. dxe6 Nf5 39. Rc7+ Kg6 40. Bxa8 1-0


[Site "https://www.chess.com"]

[Event "Titled Tuesday Blitz March 01 Early 2022"]
[White "Gabrielian, Artur"]
[Black "Kozusek, Daniel"]
[WhiteFideId "4131002"]
[BlackFideId "349500"]
[WhiteElo "2440"]
[BlackElo "2206"]
[Result "1-0"]
[Round "02"]
[TimeControl "180+1"]
[Date "2022.03.01"]
[WhiteClock "0:00:37"]
[BlackClock "0:00:33"]

1. e4 e6 2. d3 c5 3. Nf3 Nc6 4. g3 Nge7 5. Bg2 g6 6. h4 h6 7. O-O Bg7 8. c3 e5 9. Be3 d6 10. Qc1 Bg4 11. Nbd2 O-O 12. a4 f5 13. exf5 gxf5 14. Nh2 Be2 15. Re1 Bxd3 16. Ndf1 f4 17. gxf4 Nf5 18. fxe5 Nxe5 19. Bf4 Qxh4 20. Ng3 Nxg3 21. Bxg3 Qg5 22. Qxg5 hxg5 23. Rad1 c4 24. Bxb7 Rab8 25. Bd5+ Kh7 26. b4 Bc2 27. Be4+ Bxe4 28. Rxe4 Rbd8 29. Kg2 Rfe8 30. Ng4 Nxg4 31. Rxg4 d5 32. Rxg5 d4 33. cxd4 Rxd4 34. Rxg7+ 1-0


[Site "https://www.chess.com"]